 Dungeon Crawl Stone Soup version 0.17-a0-1625-g47e540b (webtiles) character file.

398 karlkraus the Shield-Bearer (level 6, -1/56 HPs)
             Began as a Minotaur Fighter on Aug 2, 2015.
             Killed by nerve-wracking pain
             ... invoked by Menkaure
              (3 damage)
             ... on level 4 of the Dungeon.
             The game lasted 00:04:56 (1936 turns).

karlkraus the Shield-Bearer (Minotaur Fighter)      Turns: 1936, Time: 00:04:57

Health: -1/56      AC: 14    Str: 22    XL:     6   Next: 53%
Magic:  5/5        EV:  5    Int:  5    God:
Gold:   135        SH: 10    Dex: 10    Spells: 0 memorised, 5 levels left

rFire  . . .     SeeInvis .     a - +0 flail
rCold  . . .     Clarity  .     w - +0 plate armour
rNeg   . . .     SustAt   .     c - +0 shield
rPois  .         Gourm    +     (helmet restricted)
rElec  .         Spirit   .     t - +0 cloak
rCorr  .         Warding  .     b - +0 pair of gloves
rMut   .         Stasis   .     (no boots)
MR     .....                    l - amulet of the gourmand
Stlth  ..........               (no ring)
                                h - +4 ring of slaying

@: lethally poisoned (-1 -> -2), not resistant to hostile enchantments,
extremely unstealthy
A: retaliatory headbutt, horns 2
a: no special abilities


You were on level 4 of the Dungeon.
You were not hungry.

You visited 1 branch of the dungeon, and saw 4 of its levels.

You collected 135 gold pieces.

Inventory:

Hand weapons
 a - a +0 flail (weapon)
Armour
 b - a +0 pair of gloves (worn)
 c - a +0 shield (worn)
 t - a +0 cloak (worn)
 w - a +0 plate armour (worn)
Jewellery
 h - a +4 ring of slaying (left hand)
 l - an amulet of the gourmand (around neck)
Scrolls
 f - 7 scrolls of identify {unknown}
 g - a scroll of blinking {unknown}
 i - 3 scrolls of remove curse {unknown}
 j - a scroll of fog {unknown}
 m - 3 scrolls of teleportation {unknown}
 o - a scroll of enchant armour {unknown}
 q - a scroll of noise {unknown}
 v - a scroll of enchant weapon {unknown}
Potions
 d - a potion of beneficial mutation {unknown}
 n - a potion of resistance {unknown}
 p - 2 potions of curing {unknown}
Comestibles
 e - 2 bread rations
 k - a royal jelly
 u - a chunk of flesh


   Skills:
 + Level 5.1 Fighting
 + Level 3.9 Maces & Flails
 + Level 5.1 Armour
 + Level 3.0 Dodging
 + Level 0.3 Stealth
 + Level 5.2 Shields


You had 5 spell levels left.
You didn't know any spells.

Dungeon Overview and Level Annotations

Branches:
Dungeon (4/15)
 Temple: D:4-7

Altars:
Fedhas
Okawaru

Shops:
D:4 :

Annotations:
D:4 Menkaure


Innate Abilities, Weirdness & Mutations

You reflexively headbutt those who attack you in melee.
You have a pair of horns on your head.


Message History

* * * LOW HITPOINT WARNING * * *
Drink which item? (? for menu, Esc to quit)
Okay, then.
Read which item? (? for menu, Esc to quit)
Okay, then.
Menkaure calls on the powers of darkness!
Your body is wracked with pain!
* * * LOW HITPOINT WARNING * * *
You feel sick.
Menkaure mumbles some strange words.
Menkaure seems to speed up.
You feel sick.
You feel sick.
You feel sick.
Menkaure gestures at you while chanting.
Pain shoots through your body!
* * * LOW HITPOINT WARNING * * *
Menkaure points at you and mumbles some strange words.
Pain shoots through your body!
You die...

#.# #....########.# #.#
##...# #.# #.# #...# #[#
###### #.# #...# #.###.....
#.# #...# #.....#### #.#
#...# ####..## #.######..#
#..M..#
#......#.>#########.#.###
######.#..@...M.....#.#
#########...#..###########.#
..........#.#..# #.#
############.#..# #M#
...........<.#..# #.#
............##..##... #.#
............'......... #.#
............##..≈≈≈≈.. #.#
.####...######..≈_≈... #.#


You could see Menkaure.

Vanquished Creatures
  Eustachio (D:4)
  The ghost of WhatIsLove the Grasshopper, a weakling DrWr of Elyvilon (D:3)
  A giant frog skeleton (D:4)
  A worker ant (D:4)
  9 adders
  An ooze (D:4)
  2 worms (D:2)
  2 giant geckos
  5 orcs
  6 bats
  5 giant cockroaches (D:1)
  8 goblins
  9 hobgoblins
  2 jackals (D:2)
  2 ball pythons
  2 giant newts (D:3)
  9 kobolds
  A quokka skeleton (D:4)
  5 rats
72 creatures vanquished.

Notes
Turn   | Place    | Note
--------------------------------------------------------------
     0 | D:1      | karlkraus the Minotaur Fighter began the quest for the Orb.
     0 | D:1      | Reached XP level 1. HP: 19/19 MP: 0/0
   104 | D:1      | Reached XP level 2. HP: 20/27 MP: 1/1
   184 | D:1      | Reached skill level 4 in Shields
   314 | D:1      | Reached XP level 3. HP: 28/33 MP: 2/2
   831 | D:2      | Reached skill level 1 in Dodging
   893 | D:2      | Reached XP level 4. HP: 41/41 MP: 3/3
  1260 | D:3      | Noticed WhatIsLove's ghost (weakling DrWr)
  1289 | D:3      | Killed WhatIsLove's ghost
  1289 | D:3      | Reached XP level 5. HP: 38/47 MP: 4/4
  1484 | D:4      | Found an iron altar of Okawaru.
  1728 | D:4      | Found Toduut's Book Shop.
  1777 | D:4      | Reached skill level 5 in Shields
  1791 | D:4      | Noticed Eustachio
  1811 | D:4      | Killed Eustachio
  1811 | D:4      | Reached skill level 5 in Fighting
  1811 | D:4      | Reached skill level 5 in Armour
  1811 | D:4      | Reached XP level 6. HP: 30/56 MP: 5/5
  1822 | D:4      | Found a blossoming altar of Fedhas.
  1915 | D:4      | Noticed Menkaure
  1936 | D:4      | HP: 2/56 [Menkaure/nerve-wracking pain (4)]
  1936 | D:4      | Killed from afar by Menkaure

Vault maps used:
D:1:      matt_arrival_diagonals, hangedman_decor_push
D:3:      lemuel_upstairs_altar
D:4:      okawaru_ov_weapons_minmay, fedhas_altar_2, lemuel_doored_altar,
          serial_shops, shop, uniq_menkaure, uniq_eustachio

Action                   |  1- 3 |  4- 6 || total
-------------------------+-------+-------++-------
Melee: Flail             |    89 |   113 ||   202
  Use: Potion            |       |     1 ||     1
  Eat: Chunk             |       |     4 ||     4
